cohdb
Replays
Latest Replays
All Replays
Popular Replays
Top Player Replays
Match Explorer
How It Works
Community
CoH3 Stats
Reddit
Sign in to upload your games and track your stats! →
Sign in with Steam
Match 37785658
Unlisted
Match 37785658
Overview
Messages
Build Orders
End
Selects Italian Combined Arms Battlegroup
Selects Bersaglieri Squad
Bersaglieri Squad
250 Light Carrier
Bersaglieri Squad
Construct Light Support Kompanie
Bersaglieri Squad
Fire Support Elements
MG34 Team
Pak 38 Mechanized Group
2.5-tonne Medical Truck
Selects Semovente da 75/18 Assault Gun
Selects Carro Armato M13/40 Light Tank
Carro Armato M13/40 Light Tank
Carro Armato M13/40 Light Tank
Selects Artillery Cover
Pak 38 Mechanized Group
Selects Bersaglieri Bolster
Artillery Cover
Construct Panzerarmee Kommand
Tungsten Core Ammunition
UH|dun! ツ
insane
iceman
既定之天命
[NiP] SimplyBest
Katana
0
0
Comments
sign in to comment!
No comments posted yet!